 Dungeon Crawl Stone Soup version 0.32-a0-22-g6ae6769602 (webtiles) character file.

Game seed: 13066944687450070211

37066 Zeia the Reanimator (level 13, 0/109 HPs)
             Began as a Demonspawn Necromancer on Jan 18, 2024.
             Was an Elder of Ashenzari.
             Slain by a death yak (10 damage)
             ... on level 5 of the Lair of Beasts.
             The game lasted 02:03:57 (18764 turns).

Zeia the Reanimator (Demonspawn Necromancer)       Turns: 18764, Time: 02:03:57

Health: 0/109      AC: 22    Str: 16    XL:     13   Next: 56%
Magic:  10/22      EV:  8    Int: 22    God:    Ashenzari [****..]
Gold:   1097       SH:  4    Dex: 14    Spells: 12/25 levels left

rFire   . . .        c - +2 falchion "Ethics of Ashenzari" {pain, Elem, Comp} (curse)
rCold   + . .        D - +0 buckler "Revealing Prison" {AC+3, Comp, Sorc} (curse)
rNeg    . . .        t - +0 chain mail {rC+}
rPois   .            g - +2 helmet of the Cursed Seer {Int+3, Elem, Comp} (curse)
rElec   .            R - scarf of the Mantic Mistrust {+Inv, Will+ Regen+, Bglg, Self} (curse)
rCorr   .            (no gloves)
SInv    +            s - +0 pair of boots of Ashenzari's Fetters {Bglg, Fort} (curse)
Will    +....        M - amulet of the Cursed Ennui {Regen+, Comp, Melee} (curse) Stlth
                     B - +6 ring of strength
HPRegen 1.98/turn    G - ring of the Unveiling Sky {Wiz, Self, Dev} (curse)
MPRegen 0.18/turn

%: clarity, wizardry (x1)
@: animating dead
A: hooves 2, yellow scales 2, foul stench 1
a: Renounce Religion, Evoke Invisibility, Curse Item, Shatter the Chains


You were on level 5 of the Lair of Beasts.
You worshipped Ashenzari.
Ashenzari was greatly pleased with you.
You visited 3 branches of the dungeon, and saw 17 of its levels.
You also visited: Ice Cave.

You collected 1193 gold pieces.
You spent 96 gold pieces at shops.

Inventory:

Hand Weapons
 c - the cursed +2 falchion "Ethics of Ashenzari" (weapon) {pain, Elem, Comp}
   (You found it on level 1 of the Dungeon)

   It has a curse which improves the following skills: Elements: Fire Magic, Ice
   Magic, Air Magic and Earth Magic.
   Companions: Summonings and Necromancy.
 n - a +2 vampiric falchion
 o - the +8 dagger of the Land of Plenty {freeze, *Slow rPois rC- rCorr}
   (You found it on level 4 of the Dungeon)

   rC-:       It makes you vulnerable to cold.
   rPois:     It protects you from poison rCorr: It protects you from acid and
   corrosion.
   *Slow:     It may slow you when you take damage.
 z - a +3 dagger of distortion
 J - a +2 morningstar of flaming
Armour
 g - the cursed +2 helmet of the Cursed Seer (worn) {Int+3, Elem, Comp}
   (You took it off Robin on level 4 of the Dungeon)

   It has a curse which improves the following skills: Elements: Fire Magic, Ice
   Magic, Air Magic and Earth Magic.
   Companions: Summonings and Necromancy.
 s - the cursed +0 pair of boots of Ashenzari's Fetters (worn) {Bglg, Fort}
   (You found it on level 3 of the Dungeon)

   It has a curse which improves the following skills: Beguiling: Hexes and
   Translocations.
   Fortitude: Armour and Shields.
 t - a +0 chain mail of cold resistance (worn)
 A - a +4 plate armour
 D - the cursed +0 buckler "Revealing Prison" (worn) {AC+3, Comp, Sorc}
   (You found it on level 8 of the Dungeon)

   It has a curse which improves the following skills: Companions: Summonings
   and Necromancy.
   Sorcery:   Conjurations and Alchemy.
 O - +0 acid dragon scales
 R - the cursed scarf of the Mantic Mistrust (worn) {+Inv, Will+ Regen+, Bglg, Self}
   (You found it on level 2 of the Lair of Beasts)

   Will+:     It increases your willpower.
   Regen+:    It increases your rate of health regeneration.
   It has a curse which improves the following skills: Beguiling: Hexes and
   Translocations.
   Introspection: Fighting and Spellcasting.
Magical Staves
 j - a staff of conjuration
 p - the staff of Xoh Puu {rPois Str+3 Alchemy}
   (You found it on level 2 of the Dungeon)

   [staff of alchemy]

   Base accuracy: +5 Base damage: 5 Base attack delay: 1.2 This weapon's minimum
   attack delay (0.6) is reached at skill level 12.
   Str+3:     It affects your strength (+3).
   rPois:     It protects you from poison Alchemy: It increases the power of
   your Alchemy spells.
   It falls into the 'Staves' category.
   It is a one-handed weapon.
Jewellery
 i - an amulet of guardian spirit
 k - a ring of protection from fire
 m - an amulet of reflection
 B - a +6 ring of strength (left hand)
 G - the cursed ring of the Unveiling Sky (right hand) {Wiz, Self, Dev}
   (You found it on level 8 of the Dungeon)

   [ring of wizardry]

   Wiz:       It improves your spell success rate.
   It has a curse which improves the following skills: Introspection: Fighting
   and Spellcasting.
   Devices:   Evocations and Shapeshifting.
 M - the cursed amulet of the Cursed Ennui (around neck) {Regen+, Comp, Melee}
   (You found it on level 10 of the Dungeon)

   [amulet of regeneration]

   Regen+:    It increases your rate of health regeneration.
   It has a curse which improves the following skills: Companions: Summonings
   and Necromancy.
   Melee Combat: Short Blades, Long Blades, Axes, Maces & Flails, Polearms,
   Staves and Unarmed Combat.
 N - a ring of willpower
 P - an amulet of magic regeneration
 U - a ring of wizardry
Wands
 C - a wand of mindburst (19)
 H - a wand of roots (9)
 K - a wand of digging (5)
 L - a wand of paralysis (6)
 T - a wand of light (5)
 W - a wand of flame (13)
Scrolls
 a - 2 scrolls of poison
 d - 6 scrolls of teleportation
 f - 3 scrolls of fear
 h - 11 scrolls of identify
 w - 5 scrolls of fog
 x - 2 scrolls of immolation
 y - 3 scrolls of vulnerability
 E - 2 scrolls of torment
 Q - 3 scrolls of enchant weapon
 S - 2 scrolls of amnesia
Potions
 b - 2 potions of magic
 l - 2 potions of invisibility
 q - 3 potions of cancellation
 r - 5 potions of curing
 u - a potion of berserk rage
 v - 3 potions of enlightenment
 F - a potion of attraction
 I - 2 potions of ambrosia
 V - a potion of lignification
 X - a potion of might


   Skills:
 - Level 10.0(12.7) Fighting
 - Level 9.6(11.4) Long Blades
 - Level 8.3(10.2) Armour
 - Level 1.7 Dodging
 - Level 1.7 Stealth
 - Level 1.2(2.4) Shields
 - Level 4.0(6.5) Spellcasting
 + Level 10.0(11.9) Conjurations
 - Level 1.1(3.5) Summonings
 - Level 10.6(14.9) Necromancy
 + Level 8.3(11.1) Fire Magic


You had 12 spell levels left.
You knew the following spells:

 Your Spells              Type           Power      Damage    Failure   Level
a - Necrotise             Necr           100%       1d9       1%          1
b - Vampiric Draining     Necr           64%        2d10      1%          3
c - Animate Dead          Necr           64%        N/A       1%          4
d - Fireball              Conj/Fire      27%        3d12      9%          5

Your spell library contained the following spells:

 Spells                   Type           Power      Damage    Failure   Level
 Sublimation of Blood     Necr           64%        N/A       1%          2
 Curse of Agony           Necr           64%        N/A       2%          5
 Flame Wave               Conj/Fire      55%        2d13      3%          4
 Stone Arrow              Conj/Erth      68%        3d11      9%          3
 Brom's Barrelling Bould  Conj/Erth      34%        2d5       26%         4
 Sandblast                Erth           16%        2d6       30%         1
 Jinxbite                 Hex            16%        N/A       41%         2
 Irradiate                Conj/Alch      16%        3d17      58%         5
 Passwall                 Erth           8%         N/A       65%         3
 Petrify                  Alch/Erth      8%         N/A       95%         4
 Yara's Violent Unravell  Hex/Alch       4%         3d4       100%        5
 Enfeeble                 Hex            4%         N/A       100%        7
 Malign Gateway           Summ/Tloc      7%         N/A       100%        7
 Summon Horrible Things   Summ           11%        N/A       100%        8


Dungeon Overview and Level Annotations

Branches:
Dungeon (11/15)            Temple (1/1) D:4            Lair (5/5) D:11
 Shoals (0/4) Lair:3       Spider (0/4) Lair:2          Orc (0/2) D:10
  IceCv (visited)
  Slime: Lair:4-5

Altars:
Ashenzari
Cheibriados
Dithmenos
Fedhas
Gozag
Hepliaklqana
Kikubaaqudgha
Makhleb
Nemelex Xobeh
Okawaru
Qazlal
Ru
Sif Muna
Trog
Uskayaw
Vehumet
Wu Jian
Xom
Yredelemnul
Lugonu

Shops:
D:3 !*   D:6 :   D:8 *=   D:9 (

Portals:
Abyss: D:4

Annotations:
D:6 exclusion: downstairs
D:9 exclusion: downstairs
Lair:4 exclusion: oklob plant


Innate Abilities, Weirdness & Mutations

You have hoof-like feet.
You are mostly covered in yellow scales. (AC +3)
You may rarely emit foul miasma when damaged in melee.


Message History

Your yak zombie is destroyed!
Your yak zombie gores the death yak!
Your yak zombie gores the lindwurm.
Found a +0 ring mail.
The death yak attacks as it pursues you!
The death yak gores you!! The death yak gores you.
* * * LOW HITPOINT WARNING * * *
The death yak attacks as it pursues you!
The death yak closely misses you.
Your yak zombie gores the death yak.
The death yak looks more healthy. x2
The death yak attacks as it pursues you!
The death yak gores you but does no damage.
Your yak zombie gores the death yak but does no damage.
Found a book of Callings.
The death yak gores you but does no damage.
The death yak attacks as it pursues you!
The death yak gores you. The lindwurm breathes flames at you.
The blast of flame hits you!!
* * * LOW HITPOINT WARNING * * *
You feel much better.
The death yak gores you but does no damage.
The death yak gores you! You block the death yak's attack.
Okay, then.
Your yak zombie gores the lindwurm but does no damage.
The death yak attacks as it pursues you!
The death yak gores you.
* * * LOW HITPOINT WARNING * * *
The death yak gores you!
* * * LOW HITPOINT WARNING * * *
You feel much better. The death yak gores you!
* * * LOW HITPOINT WARNING * * *
You emit a cloud of foul miasma!
The lindwurm breathes flames at you. The blast of flame hits you!!
* * * LOW HITPOINT WARNING * * *
The death yak gores you but does no damage.
The death yak gores your yak zombie but does no damage.
The death yak gores you!
You die...

,##.P...............##
,...........[........#
,.P.#................#
,.............<......#
*...#...............##
*.P..................#
**#.....YY..........##
* #....YYYZ.........!#
* #.#[..@k..........##
* #,##..............#
***#..<...........#*
*#............,,,* *
*P..........:,,
****##..........,,
,,,,*#..........,
,,,,*...........,
*,,,**,,,,,,,,,,,


You could see 5 death yaks, a lindwurm (catching breath) and a friendly yak
zombie.

Vanquished Creatures
  2 boulder beetles
  Sonja (D:10)
  2 lindwurms (Lair:1)
  2 manticores
  An ugly thing (IceCv)
  Joseph (Lair:1)
  8 elephants
  5 centaur zombies (D:10)
  3 black mambas
  3 cane toads
  A centaur skeleton (D:10)
  Maggie (D:9)
  8 komodo dragons
  5 rime drakes
  2 trolls
  2 polar bears (Lair:1)
  Prince Ribbit (D:8)
  13 blink frogs
  7 dream sheep
  3 basilisks
  2 wyverns
  A shadow (D:10)
  3 wraiths
  17 yaks
  3 acid dragons (D:10)
  7 water moccasins
  8 orc warriors
  A sky beast (D:7)
  2 black bears
  2 ogres (D:5)
  4 centaurs
  12 bullfrogs
  2 kobold brigands
  A scorpion (D:5)
  A wight (D:10)
  12 killer bees
  2 elephant simulacra (IceCv)
  3 electric eels (D:9)
  6 howler monkeys
  4 bombardier beetles (D:5)
  A human zombie (D:10)
  2 jellies (D:6)
  3 hounds
  9 orc priests
  A gnoll bouda (D:10)
  7 iguanas
  A sleepcap (D:7)
  9 orc wizards
  Natasha (thrice) (D:4)
  2 hell rats (Lair:4)
  A wolf simulacrum (IceCv)
  2 howler monkey zombies (D:10)
  Robin (D:4)
  5 gnolls
  6 adders
  A howler monkey skeleton (D:10)
  3 shadow imps
  3 white imps
  3 dart slugs
  38 orcs
  5 ball pythons
  2 endoplasms
  10 hobgoblins
  18 kobolds
  5 quokkas
  2 frilled lizards
  14 goblins
  2 rats
323 creatures vanquished.

Vanquished Creatures (collateral kills)
  2 hydras (Lair:3)
  A two-headed ogre (D:10)
  3 elephants (Lair:4)
  A black mamba (Lair:4)
  A centaur zombie (D:10)
  A cane toad (Lair:4)
  A rime drake (D:11)
  2 komodo dragons
  A dream sheep (Lair:3)
  4 blink frogs
  A wraith (D:10)
  8 yaks
  A steam dragon (Lair:3)
  A death yak simulacrum (IceCv)
  2 water moccasins
  An acid dragon (D:10)
  2 orc warriors (D:10)
  2 black bears
  An ogre (D:6)
  2 centaurs
  An elephant simulacrum (IceCv)
  A killer bee (D:9)
  A howler monkey (D:7)
  A jelly (D:6)
  2 orc wizards
  5 hell rats (Lair:4)
  5 gnolls
  A white imp (D:7)
  2 orcs (D:3)
  A goblin (D:4)
  A ball python (D:2)
  12 kobolds
  A rat (D:2)
  A lurking horror (D:4)
73 creatures vanquished.

Vanquished Creatures (others)
  A torpor snail (Lair:2)
  A black mamba zombie (Lair:2)
  A cane toad zombie (Lair:1)
  2 dream sheep zombies (Lair:3)
  3 elephant zombies
  A rime drake zombie (Lair:3)
  A komodo dragon zombie (D:10)
  2 water moccasin zombies (D:11)
  A troll zombie (D:10)
  2 polar bear zombies (Lair:1)
  9 yak zombies
  2 centaur zombies
  A bullfrog zombie (Lair:1)
  A basilisk zombie (Lair:1)
  A killer bee zombie (D:10)
  A human zombie (D:9)
  2 acid dragon zombies (D:10)
  3 hell rat zombies (Lair:4)
  4 howler monkey zombies
  An iguana zombie (D:6)
  3 gnoll zombies (D:10)
  5 kobold zombies
  26 orc zombies
74 creatures vanquished.

Grand Total: 470 creatures vanquished

Notes
Turn   | Place    | Note
-------+----------+-------------------------------------------
     0 | D:1      | Zeia the Demonspawn Necromancer began the quest for the
                  | Orb.
     0 | D:1      | Reached XP level 1. HP: 13/13 MP: 3/3
   217 | D:1      | Reached skill level 1 in Fighting
   940 | D:1      | Gained mutation: You may rarely emit foul miasma when
                  | damaged in melee. [demonic ancestry]
   940 | D:1      | Reached XP level 2. HP: 22/22 MP: 3/5
  1255 | D:2      | Found an iron altar of Okawaru.
  1867 | D:2      | Gained mutation: You have large cloven feet. [demonic
                  | ancestry]
  1867 | D:2      | Reached XP level 3. HP: 28/28 MP: 1/6
  2139 | D:2      | Identified the staff of Xoh Puu {rPois Str+3 Alchemy}
  2322 | D:3      | Found a stormy altar of Qazlal.
  2322 | D:3      | Found a sparkling altar of Nemelex Xobeh.
  2323 | D:3      | Found a sacrificial altar of Ru.
  2323 | D:3      | Found a shadowy altar of Dithmenos.
  2615 | D:3      | Found Ymodunust's Distillery.
  2628 | D:3      | Bought a potion of heal wounds for 60 gold pieces
  2628 | D:3      | Bought a potion of curing for 36 gold pieces
  2666 | D:3      | Reached XP level 4. HP: 30/35 MP: 1/7
  2734 | D:3      | Learned a level 3 spell: Vampiric Draining
  3005 | D:3      | Found a shimmering blue altar of Sif Muna.
  3043 | D:3      | Found Qaobb's Assorted Antiques.
  3369 | D:4      | Found a corrupted altar of Lugonu.
  3441 | D:4      | Found a one-way gate to the infinite horrors of the Abyss.
  3456 | D:4      | Noticed Robin
  3465 | D:5      | Entered Level 5 of the Dungeon
  3535 | D:4      | Killed Robin
  3536 | D:4      | Reached skill level 5 in Necromancy
  3781 | D:4      | Identified the +8 dagger of the Land of Plenty {freeze,
                  | *Slow rPois rC- rCorr}
  3793 | D:4      | Noticed Natasha
  3800 | D:4      | Killed Natasha
  3801 | D:4      | Gained mutation: You have hoof-like feet. [demonic
                  | ancestry]
  3801 | D:4      | Reached XP level 5. HP: 37/41 MP: 5/9
  3809 | D:4      | Noticed Natasha
  3819 | D:4      | Killed Natasha
  3820 | D:4      | Reached skill level 1 in Armour
  3904 | D:4      | Noticed Natasha
  3909 | D:4      | Killed Natasha
  4132 | D:4      | Found a staircase to the Ecumenical Temple.
  4141 | Temple   | Entered the Ecumenical Temple
  4172 | Temple   | Became a worshipper of Ashenzari the Shackled
  4329 | D:5      | Reached XP level 6. HP: 47/47 MP: 3/10
  5154 | D:5      | Reached XP level 7. HP: 42/52 MP: 0/11
  5668 | D:5      | Learned a level 4 spell: Animate Dead
  5982 | D:6      | Found Widedaw's Book Emporium.
  6381 | D:6      | Reached * piety under Ashenzari
  6381 | D:6      | Identified a scroll of acquirement
  6574 | D:6      | Reached skill level 1 in Long Blades
  6574 | D:6      | Gained mutation: You are partially covered in yellow
                  | scales. (AC +2) [demonic ancestry]
  6574 | D:6      | Reached XP level 8. HP: 46/58 MP: 14/14
  7892 | D:7      | Reached skill level 5 in Armour
  8337 | D:7      | Reached ** piety under Ashenzari
  8477 | D:7      | Found an iron altar of Okawaru.
  8508 | D:7      | Found a bloodstained altar of Trog.
  8587 | D:7      | Reached XP level 9. HP: 61/63 MP: 11/15
  8849 | D:8      | Reached skill level 5 in Long Blades
  8950 | D:8      | Reached skill level 1 in Shields
  8997 | D:8      | Found Baroiwad's Mayhem Merchandise.
  9186 | D:8      | Found Kielyiwe's Jewellery Shop.
  9574 | D:8      | Noticed Prince Ribbit
  9611 | D:8      | Killed Prince Ribbit
 10270 | D:9      | Found Natamunt's Weapon Shop.
 10385 | D:9      | Reached XP level 10. HP: 46/70 MP: 16/16
 10389 | D:9      | Reached skill level 10 in Necromancy
 10839 | D:9      | Noticed Maggie
 10859 | D:9      | Killed Maggie
 11231 | D:9      | Your ally Maggie died
 11476 | D:6      | Upgraded the game from 0.32-a0-20-ge526923d97 to
                  | 0.32-a0-22-g6ae6769602
 11936 | D:10     | Entered Level 10 of the Dungeon
 11944 | D:10     | Noticed Sonja
 11953 | D:10     | Reached skill level 1 in Summonings
 11966 | D:10     | Killed Sonja
 12175 | D:10     | Reached skill level 5 in Fighting
 12207 | D:10     | Your ally Sonja died
 12436 | D:10     | Found a staircase to the Orcish Mines.
 12858 | D:10     | Noticed a gargoyle
 13118 | D:10     | Identified the +3 hand axe of Lies {freeze, rF+ rN+ Int-5}
 13280 | D:10     | Noticed a two-headed ogre
 13287 | D:10     | Killed a two-headed ogre
 13288 | D:10     | Gained mutation: You are mostly covered in yellow scales.
                  | (AC +3) [demonic ancestry]
 13288 | D:10     | Reached XP level 11. HP: 84/84 MP: 17/17
 13688 | D:10     | Found an ancient bone altar of Kikubaaqudgha.
 14165 | D:11     | Found a staircase to the Lair.
 14273 | D:11     | Found a frozen archway.
 14293 | IceCv    | Entered an ice cave
 14293 | IceCv    | Noticed a white ugly thing
 14310 | IceCv    | Killed a white ugly thing
 14381 | IceCv    | Found a transporter.
 14399 | IceCv    | Found a transporter.
 14469 | D:11     | Identified Yximore's Atlas of Sparks
 14507 | Lair:1   | Entered Level 1 of the Lair of Beasts
 14518 | Lair:1   | Reached skill level 10 in Fighting
 14539 | Lair:1   | Noticed Joseph
 14555 | Lair:1   | Killed Joseph
 14556 | Lair:1   | Reached XP level 12. HP: 80/97 MP: 18/18
 14637 | Lair:1   | Reached skill level 1 in Fire Magic
 14836 | Lair:1   | Reached skill level 5 in Fire Magic
 14939 | Lair:1   | Reached skill level 1 in Conjurations
 15096 | Lair:1   | Reached *** piety under Ashenzari
 15255 | Lair:1   | Found a runed translucent door.
 15548 | Lair:1   | Reached skill level 5 in Conjurations
 15786 | Lair:2   | Identified the scarf of the Ant {+Inv, Will+ Regen+}
 15810 | Lair:2   | Found a hole to the Spider Nest.
 16063 | Lair:2   | Identified the +6 sling of Citeyj {heavy, rPois Str+3 SInv}
 16694 | Lair:2   | Learned a level 5 spell: Fireball
 16715 | Lair:3   | Reached XP level 13. HP: 99/106 MP: 16/21
 16773 | Lair:3   | Found a staircase to the Shoals.
 17135 | Lair:3   | Reached **** piety under Ashenzari
 18729 | Lair:5   | Entered Level 5 of the Lair of Beasts
 18736 | Lair:5   | Reached skill level 10 in Conjurations
 18764 | Lair:5   | Slain by a death yak

Illustrated notes

Levels and vault maps discovered:
D:1:      minmay_arrival_shoal_huts, layout_loops_ring, serial_co_window_serial,
          co_window_of_opportunity_a, co_window_corner_a, co_window_paths_b,
          co_window_paths_a, co_window_corner_a, co_window_corner_a,
          co_window_corner_a, co_window_corner_a, co_window_corner_a,
          co_window_unsneaky_path_e, co_window_corner_cb,
          co_window_of_opportunity_c, co_window_corner_b, co_window_corner_cb,
          co_window_corner_cb
D:2:      kennysheep_big_flooded_room, layout_basic, basic_altar
D:3:      layout_loops_ring, mainiacjoe_overflow_chevrons,
          grunt_temple_overflow_open, serial_shops, shop_statue,
          nicolae_shop_tiny_real_fake_doors
D:4:      layout_basic, minmay_temple_entry_sparse_star,
          amcnicky_altar_lugonu_corruption, uniq_robin, uniq_natasha
D:5:      layout_loops_ring, minmay_tree_intersection,
          nicolae_elevator_lobby_asterisk
D:6:      kennysheep_kobold_camp, layout_loops_corners, serial_shops, shop,
          serial_park_tiny_1, item_on_display_a
D:7:      layout_cave_pools, mainiacjoe_overflow_two_lobes,
          hangedman_decor_points, grunt_ministairs_4
D:8:      layout_rooms, serial_co_window_serial, co_window_corner_a,
          co_window_paths_a, co_window_paths_a, co_window_paths_b,
          co_window_paths_b, co_window_unsneaky_path_d, co_window_2corner,
          co_window_unsneaky_path_a, co_window_broadway_b, co_window_broadway_c,
          co_window_broadway_c, co_window_paths_e, co_window_paths_d,
          glass_columns_c, glass_columns_c, glass_columns_b, glass_columns_a,
          glass_columns_a, minmay_shop_mayhem, minmay_shop_enchanted_jewellery,
          uniq_prince_ribbit1
D:9:      layout_small_grid, serial_shops, shop, chequers_serial_rivers_marsh,
          serial_bayou_lake_a, uniq_maggie
D:10:     minmay_razor_zed, layout_gridville,
          lemuel_mausoleum_altar_kikubaaqudgha, minmay_orc_entry_temple_small,
          uniq_sonja
D:11:     layout_rooms, due_lair_maze_entry_diamond, portal_ice_cave_rime,
          serial_co_window_serial, co_window_of_opportunity_a,
          co_window_corner_a, co_window_corner_a, co_window_of_opportunity_a,
          co_window_of_opportunity_a, co_window_broadway_b,
          co_window_unsneaky_path_a, co_window_corner_b, co_window_2corner,
          co_window_corner_b, co_window_of_opportunity_b, co_window_paths_e,
          serial_park_tiny_2
Temple:   cyrus_circular_temple
Lair:1:   gammafunk_lair_enchanted_lake, layout_chaotic_city, uniq_joseph
Lair:2:   layout_cave_pods, dummy_spider_entry, grunt_forest_large_clearing_hut,
          grunt_megastairs_5
Lair:3:   layout_small_grid, elwin_shoals_entry_rocks
Lair:4:   layout_long_grid, serial_bayou_pond_e, chequers_serial_rivers_small_3,
          minmay_lair_oklob_bushes, lemuel_fruit_tree,
          infiniplex_staircase_pool_2, grunt_megastairs_3
Lair:5:   grunt_lair_end_beastmaster, layout_gridlike, slime_entry_2,
          basic_altar, chequers_serial_rivers_large_a,
          nicolae_quartered_pool_little

Skill      XL: |  1  2  3  4  5  6  7  8  9 10 11 12 13 |
---------------+----------------------------------------+-----
Fighting       | 1 2 3 7 10 | 10.0
Necromancy     | 5 7 9 10 | 10.6
Spellcasting   | 3 4 |  4.0
Armour         | 3 4 6 7 8 |  8.3
Long Blades    | 1 4 6 7 9 |  9.6
Shields        | 1 |  1.2
Summonings     | 1 |  1.1
Fire Magic     | 6 8 |  8.3
Conjurations   | 7 10 | 10.0
Dodging        | |  1.7
Stealth        | |  1.7

Action                     |  1- 3 |  4- 6 |  7- 9 | 10-12 | 13-15 || total
---------------------------+-------+-------+-------+-------+-------++-------
  Melee: Falchion          |    10 |    45 |   294 |   776 |   170 ||  1295
         Punch             |       |       |     3 |       |       ||     3
   Cast: Necrotise         |    62 |    90 |    75 |    32 |    22 ||   281
         Vampiric Draining |       |     3 |     6 |     7 |     4 ||    20
         Animate Dead      |       |       |    15 |    21 |     5 ||    41
         Fireball          |       |       |       |       |     2 ||     2
 Invoke: Curse Item        |       |     1 |     2 |     3 |     2 ||     8
         Shatter the Chain |       |       |       |     1 |       ||     1
    Use: Scroll            |       |     6 |       |     2 |       ||     8
         Potion            |       |       |     2 |     4 |     3 ||     9
   Stab: Distracted        |       |       |     1 |     6 |     7 ||    14
 Armour: Robe              |     7 |    28 |    58 |       |       ||    93
         Leather armour    |       |       |   165 |     7 |       ||   172
         Chain mail        |       |       |       |   867 |   188 ||  1055
  Dodge: Dodged            |    12 |    36 |   151 |   295 |    59 ||   553
  Block: Other             |     1 |    14 |    36 |       |       ||    51
         Reflection        |       |     1 |    10 |     3 |       ||    14
         Buckler           |       |       |    69 |   211 |    46 ||   326

Table legend: (Time is in decaauts)
 A = Elapsed time spent in this place.
 B = Non-inter-level travel time spent in this place.
 C = Inter-level travel time spent in this place.
 D = Time resting spent in this place.
 E = Time spent auto-exploring this place.
 F = Levels seen in this place.
 G = Mean time per level.
                   A        B        C        D        E       F      G
               +--------+--------+--------+--------+--------+-----+--------+
         Total |  18885 |  17852 |   1033 |   2993 |  10152 |  18 | 1049.2 |
       Dungeon |  14453 |  13613 |    840 |   2808 |   7263 |  11 | 1313.9 |
        Temple |     46 |     31 |     15 |      0 |      0 |   1 |   46.0 |
          Lair |   4264 |   4086 |    178 |    145 |   2889 |   5 |  852.8 |
      Ice Cave |    120 |    120 |      0 |     40 |      0 |   1 |  120.0 |
               +--------+--------+--------+--------+--------+-----+--------+

Top non-repeatable levels by time:
     D:6: 2297 daAuts
     D:9: 2121 daAuts
    D:10: 1907 daAuts
     D:5: 1468 daAuts
     D:8: 1250 daAuts
  Lair:1: 1204 daAuts
  Lair:4: 1201 daAuts
     D:1: 1174 daAuts
     D:2: 1149 daAuts
     D:3: 1072 daAuts
  Lair:2: 1036 daAuts
     D:4: 967 daAuts
  Lair:3: 791 daAuts
     D:7: 790 daAuts
    D:11: 253 daAuts
